 Seeded DCSS version 0.31-a0-618-g7ca08c1ff9 (webtiles) character file.

Game seed: 3612390645625327883 (custom seed)

8116 innerfire43 the Grappler (level 11, -9/83 HPs)
             Began as a Gnoll Shapeshifter on Aug 22, 2023.
             Was a Follower of Qazlal.
             Mangled by a cyan ugly thing (13 damage)
             ... on level 9 of the Dungeon.
             The game lasted 00:16:31 (9611 turns).

innerfire43 the Grappler (Gnoll Shapeshifter)       Turns: 9611, Time: 00:16:32

Health: -9/83      AC: 14    Str: 17    XL:     11   Next: 25%
Magic:  0/20       EV: 15    Int:  8    God:    Qazlal [*.....]
Gold:   642        SH:  2    Dex: 14    Spells: 22/22 levels left

rFire   . .          .
                       - Unarmed
rCold   . . .        (shield currently unavailable)
rNeg    + . .        u - +10 Cigotuvi's embrace {Corpsefed rMiasma Drain rN+}
rPois   .            K - +1 hat
rElec   .            (no cloak)
rCorr   .            (no gloves)
SInv    .            (no boots)
Will    .....        A - amulet of guardian spirit
Stlth   +            (no ring)
HPRegen 0.33/turn    (no ring)
MPRegen 0.17/turn

%: guardian spirit
@: flux-form, glowing
A: glow, contaminating, fangs 1, strong nose, distributed training
a: Begin Untransformation, Renounce Religion


You were on level 9 of the Dungeon.
You worshipped Qazlal.
Qazlal was aware of your devotion.
You were something dangerously unstable.
You visited 2 branches of the dungeon, and saw 10 of its levels.

You collected 1588 gold pieces.
You spent 946 gold pieces at shops.

Inventory:

Hand Weapons
 g - a +5 dire flail
 p - a +3 spectral quarterstaff
 r - a +2 short sword of electrocution
Armour
 a - a +0 animal skin
 i - a +2 animal skin
 j - a +1 helmet
 u - the +10 Cigotuvi's embrace (worn) {Corpsefed rMiasma Drain rN+}
   (You bought it in a shop on level 4 of the Dungeon)

   Corpsefed: It gathers nearby corpses to temporarily increase the armour it
   provides.
   rMiasma:   It protects you from foul pestilence.
   rN+:       It protects you from negative energy.
   Drain:     It drains your maximum health when unequipped.
 I - an orb of mayhem
 K - a +1 hat (worn)
Jewellery
 A - an amulet of guardian spirit (around neck)
 F - a ring of resist corrosion
Talismans
 c - a beast talisman
 d - a flux talisman (active)
Wands
 v - a wand of paralysis (9)
 x - a wand of quicksilver (7)
 y - a wand of flame (30)
 G - a wand of polymorph (7)
Scrolls
 h - 2 scrolls of vulnerability
 k - 4 scrolls of teleportation
 l - 2 scrolls of fog
 m - 2 scrolls of summoning
 q - a scroll of poison
 t - a scroll of torment
 H - a scroll of enchant weapon {unknown}
Potions
 b - 4 potions of lignification
 e - a potion of cancellation {unknown}
 f - 2 potions of enlightenment
 n - 3 potions of brilliance
 o - 3 potions of haste
 s - 3 potions of heal wounds
 w - 3 potions of degeneration
 B - a potion of attraction
 C - 2 potions of ambrosia
 D - a potion of magic
 E - a potion of berserk rage
 J - a potion of invisibility {unknown}
 L - a potion of mutation {unknown}
Miscellaneous
 z - a lightning rod (inert)


   Skills:
 + Level 6.8 Fighting
 + Level 6.2 Short Blades
 + Level 6.2 Long Blades
 + Level 6.2 Axes
 + Level 6.2 Maces & Flails
 + Level 6.2 Polearms
 + Level 6.2 Staves
 + Level 6.2 Ranged Weapons
 + Level 6.2 Throwing
 + Level 6.2 Armour
 + Level 7.8 Dodging
 + Level 6.2 Stealth
 + Level 6.2 Shields
 + Level 9.1 Unarmed Combat
 + Level 6.2 Spellcasting
 + Level 5.1 Conjurations
 + Level 5.1 Hexes
 + Level 5.1 Summonings
 + Level 5.1 Necromancy
 + Level 5.1 Translocations
 + Level 5.1 Transmutations
 + Level 5.1 Fire Magic
 + Level 5.1 Ice Magic
 + Level 5.1 Air Magic
 + Level 5.1 Earth Magic
 + Level 5.1 Poison Magic
 + Level 6.8 Invocations
 + Level 6.2 Evocations
 + Level 8.7 Shapeshifting


You had 22 spell levels left.
You didn't know any spells.
Your spell library contained the following spells:

 Spells                   Type           Power      Damage    Failure   Level
 Stone Arrow              Conj/Erth      20%        3d8       10%         3
 Animate Armour           Summ/Erth      20%        N/A       32%         4
 Lehudib's Crystal Spear  Conj/Erth      5%         10d3      100%        8


Dungeon Overview and Level Annotations

Branches:
Dungeon (9/15)             Temple (1/1) D:6
   Lair: D:8-11         Orc: D:9-12

Altars:
Ashenzari
Cheibriados
Dithmenos
Elyvilon
Fedhas
Gozag
Hepliaklqana
Kikubaaqudgha
Makhleb
Nemelex Xobeh
Okawaru
Qazlal
Ru
Sif Muna
Trog
Uskayaw
Vehumet
Wu Jian
Xom
Yredelemnul
Zin
The Shining One

Shops:
D:4 [   D:5 *


Innate Abilities, Weirdness & Mutations

You are something dangerously unstable.
You glow with magical radiation, making you easy to see and hit.
Foes you strike become dangerously contaminated with magical radiation.
You are incapable of wielding weapons or throwing items.
You have very sharp teeth.
Your uncanny sense of smell can sniff out nearby items.
Your experience applies equally to all skills.


Message History

Aiming: Thunderbolt
Press: ? - help, Q - select action, (/) - cycle Shift-Dir - straight line, f - cyan ugly thing, p - cyan ugly thing
Aim: a cyan ugly thing (moderately wounded)
The thunderbolt hits the hornet!
The hornet is moderately wounded.
The thunderbolt hits the cyan ugly thing!
The cyan ugly thing resists.
The cyan ugly thing is heavily wounded.
The thunderbolt hits the glowing orange brain!
The glowing orange brain is severely wounded.
The thunderbolt hits the cyan ugly thing!
The cyan ugly thing resists.
The cyan ugly thing is heavily wounded.
The thunderbolt hits the cyan ugly thing!
The cyan ugly thing resists.
The cyan ugly thing is moderately wounded.
The thunderbolt hits the bullfrog!!
The bullfrog is almost dead.
The lightning rod overheats!
The cyan ugly thing completely misses you.
The wyvern bites you. The cyan ugly thing pecks you.
The cyan ugly thing shocks you! The cyan ugly thing stings you.
The cyan ugly thing shocks you!
Okay, then.
You closely miss the cyan ugly thing. Your bite misses the cyan ugly thing.
The cyan ugly thing is moderately wounded.
The wyvern barely misses you. The cyan ugly thing headbutts you!
The cyan ugly thing shocks you!
You hit the cyan ugly thing but do no damage.
The cyan ugly thing begins to glow.
You bite the cyan ugly thing, but do no damage.
The cyan ugly thing is moderately wounded.
The wyvern bites you. The cyan ugly thing stings you!
* * * LOW HITPOINT WARNING * * *
The cyan ugly thing shocks you!
* * * LOW HITPOINT WARNING * * *
The cyan ugly thing pecks you.
* * * LOW HITPOINT WARNING * * *
The cyan ugly thing shocks you!
You die...

###########
####'##### #.....
#..))....# #.....
##).......# #.....
#)######### ######
#))#$..[#. ∆
#..#.#.#.#
#####.G'...§#§
#...yluuF.#§.. ∆
#.....Bu....#. ∆
#......#.#.#.# ∆
#......#!...#!
#.....##############
#.......'..........#
#.......##########.#
######### #.# #.#
#.####


You could see 3 ugly things, a glowing orange brain (misshapen), a hornet
(summoned), a wyvern (summoned) and a bullfrog (summoned).

Vanquished Creatures
  Gastronok (D:8)
  Erica (D:8)
  An ugly thing (D:9)
  Joseph (D:7)
  Maggie (D:9)
  Jeremiah (D:8)
  A wraith (D:9)
  A wyvern (D:9)
  A steam dragon (D:8)
  A water moccasin (D:6)
  3 ice beasts
  2 black bears
  5 orc warriors
  3 centaurs
  4 ogres
  A phantom (D:7)
  4 kobold brigands
  8 bullfrogs
  5 scorpions
  18 wights
  9 howler monkeys
  2 hounds
  3 orc priests
  A jelly (D:6)
  2 sleepcaps (D:7)
  4 iguanas
  3 orc wizards
  Robin (D:2)
  3 gnolls (D:4)
  13 adders
  A white imp (D:5)
  A worm (D:3)
  2 dart slugs
  43 orcs
  5 endoplasms
  2 giant cockroaches
  7 goblins
  3 hobgoblins (D:2)
  6 jackals
  20 kobolds
  2 quokkas
  11 ball pythons
  3 bats
  12 frilled lizards
  5 rats
227 creatures vanquished.

Vanquished Creatures (collateral kills)
  A jelly (D:7)
1 creature vanquished.

Grand Total: 228 creatures vanquished

Notes
Turn   | Place    | Note
-------+----------+-------------------------------------------
     0 | D:1      | innerfire43 the Gnoll Shapeshifter began the quest for the
                  | Orb.
     0 | D:1      | Reached XP level 1. HP: 17/17 MP: 1/1
   278 | D:1      | Found a faded altar of an unknown god.
   353 | D:1      | Reached XP level 2. HP: 21/23 MP: 2/2
   792 | D:2      | Reached XP level 3. HP: 18/28 MP: 3/3
   868 | D:2      | Reached skill level 1 in Invocations
   917 | D:2      | Reached skill level 1 in Short Blades
   917 | D:2      | Reached skill level 1 in Long Blades
   917 | D:2      | Reached skill level 1 in Axes
   917 | D:2      | Reached skill level 1 in Maces & Flails
   917 | D:2      | Reached skill level 1 in Polearms
   917 | D:2      | Reached skill level 1 in Staves
   917 | D:2      | Reached skill level 1 in Ranged Weapons
   917 | D:2      | Reached skill level 1 in Throwing
   917 | D:2      | Reached skill level 1 in Armour
   917 | D:2      | Reached skill level 1 in Stealth
   917 | D:2      | Reached skill level 1 in Shields
   917 | D:2      | Reached skill level 1 in Spellcasting
   917 | D:2      | Reached skill level 1 in Evocations
  1167 | D:2      | Reached XP level 4. HP: 20/34 MP: 5/5
  1234 | D:2      | Noticed Robin
  1242 | D:2      | Killed Robin
  1357 | D:2      | Reached skill level 1 in Conjurations
  1357 | D:2      | Reached skill level 1 in Hexes
  1357 | D:2      | Reached skill level 1 in Summonings
  1357 | D:2      | Reached skill level 1 in Necromancy
  1357 | D:2      | Reached skill level 1 in Translocations
  1357 | D:2      | Reached skill level 1 in Transmutations
  1357 | D:2      | Reached skill level 1 in Fire Magic
  1357 | D:2      | Reached skill level 1 in Ice Magic
  1357 | D:2      | Reached skill level 1 in Air Magic
  1357 | D:2      | Reached skill level 1 in Earth Magic
  1357 | D:2      | Reached skill level 1 in Poison Magic
  1677 | D:2      | Identified a scroll of acquirement
  1677 | D:2      | Acquired 1099 gold pieces
  1943 | D:3      | Found an opulent altar of Gozag.
  2130 | D:3      | Reached XP level 5. HP: 37/40 MP: 5/7
  2792 | D:4      | Reached XP level 6. HP: 23/47 MP: 8/8
  2796 | D:4      | Reached skill level 5 in Dodging
  2910 | D:4      | Noticed an orc warrior
  2920 | D:4      | Killed an orc warrior
  3170 | D:4      | Reached skill level 7 in Unarmed Combat
  3170 | D:4      | Reached XP level 7. HP: 40/52 MP: 10/10
  3322 | D:4      | Found a shimmering blue altar of Sif Muna.
  3342 | D:4      | Found Mej Girr's Armour Shoppe.
  3345 | D:4      | Bought the +4 Cigotuvi's embrace {Corpsefed rMiasma Drain
                  | rN+} for 386 gold pieces
  3345 | D:4      | Found the +4 Cigotuvi's embrace {Corpsefed rMiasma Drain
                  | rN+}
  3508 | D:4      | Found a shadowy altar of Dithmenos.
  3934 | D:5      | Entered Level 5 of the Dungeon
  4011 | D:5      | Reached XP level 8. HP: 59/60 MP: 12/12
  4037 | D:5      | Found Fopsorud's Elemental Accessories.
  4083 | D:5      | Bought a lightning rod (4/4) for 560 gold pieces
  4465 | D:6      | Found a snail-covered altar of Cheibriados.
  4890 | D:6      | Reached XP level 9. HP: 63/66 MP: 14/14
  4937 | D:6      | Found a staircase to the Ecumenical Temple.
  5116 | Temple   | Entered the Ecumenical Temple
  5326 | D:7      | Reached skill level 5 in Fighting
  5720 | D:6      | Reached skill level 8 in Unarmed Combat
  6224 | D:7      | Noticed Joseph
  6254 | D:7      | Killed Joseph
  6255 | D:7      | Reached skill level 5 in Invocations
  6595 | D:7      | Reached XP level 10. HP: 73/75 MP: 17/17
  6741 | D:7      | Reached skill level 5 in Short Blades
  6741 | D:7      | Reached skill level 5 in Long Blades
  6741 | D:7      | Reached skill level 5 in Axes
  6741 | D:7      | Reached skill level 5 in Maces & Flails
  6741 | D:7      | Reached skill level 5 in Polearms
  6741 | D:7      | Reached skill level 5 in Staves
  6741 | D:7      | Reached skill level 5 in Ranged Weapons
  6741 | D:7      | Reached skill level 5 in Throwing
  6741 | D:7      | Reached skill level 5 in Armour
  6741 | D:7      | Reached skill level 5 in Stealth
  6741 | D:7      | Reached skill level 5 in Shields
  6741 | D:7      | Reached skill level 5 in Spellcasting
  6741 | D:7      | Reached skill level 5 in Evocations
  6913 | D:7      | Found a hide-covered altar of Uskayaw.
  7077 | Temple   | Became a worshipper of Qazlal Stormbringer
  7606 | D:7      | Found a burning altar of Makhleb.
  7607 | D:7      | Noticed an Executioner
  7713 | D:8      | Noticed Erica
  7725 | D:8      | Killed Erica
  7866 | D:8      | Found a glowing silver altar of Zin.
  7866 | D:8      | Noticed Jeremiah
  7891 | D:8      | Killed Jeremiah
  8101 | D:8      | Noticed Gastronok
  8139 | D:8      | Killed Gastronok
  8520 | D:8      | Reached * piety under Qazlal
  8786 | D:9      | Found a bloodstained altar of Trog.
  8817 | D:9      | Reached XP level 11. HP: 83/83 MP: 19/19
  8872 | D:9      | Reached skill level 9 in Unarmed Combat
  8923 | D:9      | Found a runed translucent gate.
  8923 | D:9      | Found a runed translucent gate.
  8923 | D:9      | Found a runed translucent gate.
  8923 | D:9      | Noticed a white ugly thing
  8923 | D:9      | Noticed a glowing orange brain
  8923 | D:9      | Noticed a purple ugly thing
  8924 | D:9      | Noticed a green ugly thing
  8927 | D:9      | Noticed a brown ugly thing
  8928 | D:9      | Reached skill level 5 in Conjurations
  8928 | D:9      | Reached skill level 5 in Hexes
  8928 | D:9      | Reached skill level 5 in Summonings
  8928 | D:9      | Reached skill level 5 in Necromancy
  8928 | D:9      | Reached skill level 5 in Translocations
  8928 | D:9      | Reached skill level 5 in Transmutations
  8928 | D:9      | Reached skill level 5 in Fire Magic
  8928 | D:9      | Reached skill level 5 in Ice Magic
  8928 | D:9      | Reached skill level 5 in Air Magic
  8928 | D:9      | Reached skill level 5 in Earth Magic
  8928 | D:9      | Reached skill level 5 in Poison Magic
  9067 | D:9      | Found a glowing golden altar of the Shining One.
  9143 | D:9      | Noticed Maggie
  9153 | D:9      | Killed Maggie
  9608 | D:9      | Killed a white ugly thing
  9611 | D:9      | HP: 4/83 [cyan ugly thing (1)]
  9611 | D:9      | Mangled by a cyan ugly thing

Illustrated notes

Levels and vault maps discovered:
D:1:      dpeg_arrival_water_temple_mockup, layout_loops_ring,
          chequers_ecumenical_altar_simple_redux,
          hangedman_abyss_or_decor_stabs, chequers_serial_rivers_small_a,
          minmay_lizard_pond
D:2:      layout_loops_ring, minmay_3d_cube, uniq_robin
D:3:      layout_loops_corners, grunt_gozag_statues, minmay_liquid_box
D:4:      layout_basic, mainiacjoe_overflow_concentric_impassable,
          grunt_dithmenos_smoke, serial_shops, nicolae_shop_tiny_real_fake_doors
D:5:      layout_rooms, nicolae_elemental_shop
D:6:      kennysheep_spiral_hall, layout_rooms,
          mainiacjoe_overflow_tiny_flanked, minmay_temple_entry_antechambers
D:7:      layout_basic, nicolae_uskayaw_dance_studio, makhleb_altar_promises_db,
          minmay_fractal_squares_diagonal_5, uniq_joseph
D:8:      layout_loops_ring, zin_scriptorium, st_stairs_4, uniq_jeremiah,
          uniq_gastronok, uniq_erica
D:9:      layout_basic, mainiacjoe_overflow_catch_the_wave,
          ploomutoo_gammafunk_ghost_potion_laboratory, serial_glass,
          glass_columns_b, glass_columns_b, uniq_maggie
Temple:   nicolae_temple_figure_eight

Skill      XL: |  1  2  3  4  5  6  7  8  9 10 11 |
---------------+----------------------------------+-----
Invocations    | 1 2 3 4 5 6 |  6.8
Short Blades   | 1 2 3 4 5 6 |  6.2
Long Blades    | 1 2 3 4 5 6 |  6.2
Axes           | 1 2 3 4 5 6 |  6.2
Maces & Flails | 1 2 3 4 5 6 |  6.2
Polearms       | 1 2 3 4 5 6 |  6.2
Staves         | 1 2 3 4 5 6 |  6.2
Ranged Weapons | 1 2 3 4 5 6 |  6.2
Throwing       | 1 2 3 4 5 6 |  6.2
Armour         | 1 2 3 4 5 6 |  6.2
Stealth        | 1 2 3 4 5 6 |  6.2
Shields        | 1 2 3 4 5 6 |  6.2
Spellcasting   | 1 2 3 4 5 6 |  6.2
Evocations     | 1 2 3 4 5 6 |  6.2
Conjurations   | 1 2 3 4 5 |  5.1
Hexes          | 1 2 3 4 5 |  5.1
Summonings     | 1 2 3 4 5 |  5.1
Necromancy     | 1 2 3 4 5 |  5.1
Translocations | 1 2 3 4 5 |  5.1
Transmutations | 1 2 3 4 5 |  5.1
Fire Magic     | 1 2 3 4 5 |  5.1
Ice Magic      | 1 2 3 4 5 |  5.1
Air Magic      | 1 2 3 4 5 |  5.1
Earth Magic    | 1 2 3 4 5 |  5.1
Poison Magic   | 1 2 3 4 5 |  5.1
Fighting       | 3 4 5 6 |  6.8
Dodging        | 5 6 7 |  7.8
Unarmed Combat | 7 8 9 |  9.1
Shapeshifting  | 7 8 |  8.7

Action                     |  1- 3 |  4- 6 |  7- 9 | 10-12 || total
---------------------------+-------+-------+-------+-------++-------
  Melee: Unarmed           |    88 |   193 |   309 |   268 ||   858
         Bite              |     7 |    20 |    38 |    37 ||   102
  Evoke: Wand              |       |       |       |     3 ||     3
         Lightning rod     |       |       |       |     4 ||     4
    Use: Scroll            |       |     1 |    16 |     3 ||    20
         Potion            |       |       |     7 |       ||     7
   Stab: Distracted        |       |       |     1 |       ||     1
         Sleeping          |       |       |       |     1 ||     1
 Armour: Animal skin       |    19 |    35 |     2 |       ||    56
         Leather armour    |       |       |   119 |    66 ||   185
  Dodge: Dodged            |    62 |   109 |   284 |   145 ||   600
  Block: Other             |       |       |       |     5 ||     5
   Form: Flux              |     1 |       |       |       ||     1

Table legend: (Time is in decaauts)
 A = Elapsed time spent in this place.
 B = Non-inter-level travel time spent in this place.
 C = Inter-level travel time spent in this place.
 D = Time resting spent in this place.
 E = Time spent auto-exploring this place.
 F = Levels seen in this place.
 G = Mean time per level.
                   A        B        C        D        E       F      G
               +--------+--------+--------+--------+--------+-----+--------+
         Total |   9511 |   8696 |    815 |      0 |   7084 |  10 |  951.1 |
       Dungeon |   9387 |   8686 |    701 |      0 |   7084 |   9 | 1043.0 |
        Temple |    124 |     10 |    114 |      0 |      0 |   1 |  124.0 |
               +--------+--------+--------+--------+--------+-----+--------+

Top non-repeatable levels by time:
     D:6: 1704 daAuts
     D:7: 1386 daAuts
     D:4: 1158 daAuts
     D:8: 1102 daAuts
     D:2: 983 daAuts
     D:3: 974 daAuts
     D:9: 809 daAuts
     D:1: 780 daAuts
     D:5: 487 daAuts
  Temple: 124 daAuts
